Cogmind - Beta 14 @@@ ROGUE MODE // 2024.10.07 @ 20:44:48 Player: Zephirth Result: Self-destructed Performance ------------- Evolutions (2) 1000 Regions Visited (5) 1000 Robots Destroyed (38) 190 Value Destroyed (1200) 1200 Prototype IDs (0) 0 Alien Tech Used (0) 0 Bonus (12) 12 TOTAL SCORE: 3402 Bonus ------- High Alert Combat Kills 12 Cogmind --------- Core Integrity 40/550 Matter 207/300 Energy 36/100 System Corruption 0% Temperature Cool (0) Movement Core (150) Ox2 Location -8/Storage Parts ------- > --- POWER (2) -------- (None) > --- PROPULSION (4) --- (None) > --- UTILITY (3) ------ Cryofiber Web Large Storage Unit Weight Redist. System > --- WEAPON (2) ------- (None) > --- INVENTORY (15) --- Heavy Ion Engine Medium Storage Unit Large Matter Pod (150) Medium Armor Plating Trap Extractor (0/4) Shock Rifle Small Laser Light Assault Rifle Heavy Assault Rifle Heavy Assault Rifle Datajack Heavy Hammer Peak State ------------ > --- POWER ------------ Ion Engine Ion Engine > --- PROPULSION ------- Light Treads Aluminum Leg Aluminum Leg Aluminum Leg > --- UTILITY ---------- Cryofiber Web Large Storage Unit Weight Redist. System > --- WEAPON ----------- Beam Rifle Heavy Assault Rifle > --- INVENTORY -------- Heavy Ion Engine Medium Storage Unit Large Matter Pod Medium Armor Plating Trap Extractor EM Shotgun Shock Rifle Small Laser Small Laser Light Assault Rifle Heavy Assault Rifle Datajack Heavy Hammer [Rating: 18] Favorites ----------- Power Light Ion Engine Engine Light Ion Engine Propulsion Aluminum Leg Treads Light Treads Leg Aluminum Leg Utility Large Matter Pod Device Cryofiber Web Storage Large Matter Pod Weapon EM Pulse Gun Energy Gun EM Pulse Gun Ballistic Gun Heavy Assault Rifle Build | -11 -10 -9 -9 -8 -8 ------- Run | Yrd Mat Mat Min Mat Sto Slots Evolved 4 | . . 2 . 2 . Power 1 | . . . . 1 . Propulsion 2 | . . 2 . . . Utility 1 | . . . . 1 . Weapon . | . . . . . . Parts Attached 30 | 6 7 8 3 2 4 Power 4 | 1 1 1 . 1 . Engine 4 | 1 1 1 . 1 . Core . | . . . . . . Reactor . | . . . . . . Propulsion 10 | 2 2 3 3 . . Treads 3 | 2 . . 1 . . Leg 7 | . 2 3 2 . . Wheel . | . . . . . . Hover . | . . . . . . Flight . | . . . . . . Utility 7 | 1 1 2 . 1 2 Device 3 | . . . . 1 2 Storage 4 | 1 1 2 . . . Processor . | . . . . . . Hackware . | . . . . . . Protection . | . . . . . . Artifact . | . . . . . . Weapon 9 | 2 3 2 . . 2 Energy Gun 6 | 2 1 1 . . 2 Energy Cannon . | . . . . . . Ballistic Gun 3 | . 2 1 . . . Ballistic Cannon . | . . . . . . Launcher . | . . . . . . Special Weapon . | . . . . . . Impact Weapon . | . . . . . . Slashing Weapon . | . . . . . . Piercing Weapon . | . . . . . . Special Melee Weapon . | . . . . . . Unidentified Prototypes . | . . . . . . Parts Lost 23 | . 5 5 2 1 10 Power 4 | . 1 1 . . 2 Propulsion 9 | . 1 2 2 . 4 Utility 2 | . . . . 1 1 Weapon 8 | . 3 2 . . 3 Highest Loss Streak 9 | . 4 5 2 1 9 To Critical Strikes . | . . . . . . Average Slot Usage (%) 94 | . 98 96 97 96 82 Engine 12 | . 13 10 11 18 14 Treads 9 | . 21 . . 9 7 Leg 23 | . 6 40 40 27 19 Device 2 | . . . . 5 12 Storage 22 | . 27 22 22 18 14 Energy Gun 13 | . 19 11 11 9 8 Ballistic Gun 9 | . 8 11 11 9 6 Peak Build Rating 18 | 6 8 12 13 16 18 Average Rating 10 | 4 7 10 12 15 15 On Entrance 8 | . 6 8 11 13 14 Naked Turns . | . . . . . . Heaviest Build 41 | 12 15 34 34 41 40 Greatest Support 40 | 40 40 40 40 30 30 Greatest Overweight (x) 3 | . . 1 1 1 3 Average Overweight (x) . | . . . . 1 1 Largest Inventory Capacity 15 | 8 8 15 15 15 15 Average Capacity 11 | 7 8 12 15 15 15 Most Carried 15 | 6 8 12 15 15 14 Average Carried 9 | 4 6 9 12 14 13 Final Capacity 15 | 8 8 15 15 15 15 Final Carried 15 | 6 7 10 15 15 12 Class Distribution -------------------- 62% | Mutant 37% | Scavenger-Mutant Dominant Class ---------------- Mutant | -10/Materials Mutant | -9/Materials Scavenger-Mutant | -9/Mines Scavenger-Mutant | -8/Materials Scavenger-Mutant | -8/Storage Resources | -11 -10 -9 -9 -8 -8 ----------- Run | Yrd Mat Mat Min Mat Sto Matter Collected 938 | 216 320 288 49 37 28 Remotely . | . . . . . . Salvage Created 1444 | . 496 488 199 50 211 Parts 84 | . 34 31 11 3 5 Haulers Intercepted . | . . . . . . Recyclers Shooed . | . . . . . . Parts Field Recycled . | . . . . . . Retrieved Matter . | . . . . . . Parts Self-Destructed . | . . . . . . Prevented . | . . . . . . Kills | -11 -10 -9 -9 -8 -8 ------- Run | Yrd Mat Mat Min Mat Sto Combat Hostiles Destroyed 34 | . 12 13 4 1 4 Guns 33 | . 12 12 4 1 4 Classes Destroyed 7 | . 5 2 . . . Builder 1 | . 1 . . . . Recycler 1 | . . 1 . . . Operator 1 | . 1 . . . . Watcher 1 | . 1 . . . . Swarmer 7 | . 3 4 . . . Grunt 20 | . 9 6 2 . 3 Sentry 7 | . . 3 2 1 1 Best Kill Streak 9 | . 5 9 2 1 2 Combat Bots Only 8 | . 4 8 2 1 2 Max Kills in Single Turn 2 | . 1 2 1 1 1 Gunslinging 1 | . . 1 . . . Exploded . | . . . . . . Melee . | . . . . . . Uniques/NPCs Destroyed . | . . . . . . Combat | -11 -10 -9 -9 -8 -8 -------- Run | Yrd Mat Mat Min Mat Sto Hostile Shots Fired 265 | . 80 79 21 16 69 Missed 64 | . 20 24 7 3 10 Damage Taken 2770 | . 703 636 198 169 1064 Core 794 | . 122 102 60 36 474 Absorbed by Shields 52 | . . . . 52 . Core Remaining (%) 70 | 100 51 . 59 . . Volleys Fired 134 | . 39 53 8 4 30 Largest 2 | . 2 2 2 2 2 Hottest 101 | . 85 88 79 79 101 Shots Fired 256 | . 78 99 16 8 55 Gun 256 | . 78 99 16 8 55 Cannon . | . . . . . . Launcher . | . . . . . . Special . | . . . . . . Kinetic 123 | . 42 53 8 4 16 Thermal 98 | . 3 46 8 4 37 Explosive . | . . . . . . Electromagnetic 35 | . 33 . . . 2 Robot Hit Streak 17 | . 6 17 16 17 6 Robot Miss Streak 4 | . 4 3 . 4 3 Penetration Max . | . . . . . . Secondary Targets 9 | . 5 3 1 . . Max Gunslinging Chain 1 | . 1 1 1 . . Shots Hit Robots 165 | . 44 70 15 3 33 Core Hits 63 | . 23 19 8 2 11 Critical Kills . | . . . . . . Critical Parts Destroyed . | . . . . . . Critical Strikes 6 | . 1 2 1 1 1 Burn 5 | . . 2 1 1 1 Corrupt 1 | . 1 . . . . Melee Attacks . | . . . . . . Impact . | . . . . . . Slashing . | . . . . . . Piercing . | . . . . . . Sneak Attacks . | . . . . . . Combat Hostiles . | . . . . . . Follow-up Attacks . | . . . . . . Damage Inflicted 2393 | . 773 907 222 44 447 Guns 2190 | . 584 907 208 44 447 Cannons . | . . . . . . Explosions 184 | . 184 . . . . Melee . | . . . . . . Ramming 19 | . 5 . 14 . . Kinetic 911 | . 281 348 95 15 172 Thermal 1172 | . 212 559 113 29 259 Explosive . | . . . . . . Electromagnetic 291 | . 275 . . . 16 Impact . | . . . . . . Slashing . | . . . . . . Piercing . | . . . . . . Highest Corruption . | . . . . . . Average Corruption . | . . . . . . Corruption Purged . | . . . . . . Corruption Blocked . | . . . . . . Overload Shots . | . . . . . . Overflow Damage . | . . . . . . Projectiles . | . . . . . . Explosions . | . . . . . . Melee . | . . . . . . Knockbacks . | . . . . . . Impact . | . . . . . . Kinetic . | . . . . . . Secondary . | . . . . . . Self-Inflicted Damage 82 | . 7 . . 75 . Shots 2 | . 1 . . 1 . Rammed 2 | . 2 . . . . Targets Rammed 4 | . 2 . 2 . . Kicked 2 | . . . 2 . . Crushed . | . . . . . . Highest Temperature 510 | . 175 264 108 36 510 Average Temperature 118 | . 54 114 50 18 249 Received Heat Transfer 1191 | . 342 249 75 12 513 Effects 8 | . . 3 . . 5 Energy Bleed 2 | . . 1 . . 1 Interference 2 | . . 2 . . . Matter Decay 2 | . . . . . 2 Damage (major) 1 | . . . . . 1 Damage (core) 1 | . . . . . 1 Siege Activations . | . . . . . . Robots Corrupted . | . . . . . . Combat Hostiles . | . . . . . . Parts Fried 1 | . 1 . . . . Impact Corruptions . | . . . . . . Robots Melted 1 | . . 1 . . . Combat Hostiles 1 | . . 1 . . . Parts Melted 6 | . . 4 1 . 1 Heat Transferred 3001 | . 274 1480 370 148 729 Parts Sabotaged . | . . . . . . Parts Stolen . | . . . . . . Parts Stripped . | . . . . . . Power Chain Reactions 3 | . 3 . . . . Alert | -11 -10 -9 -9 -8 -8 ------- Run | Yrd Mat Mat Min Mat Sto Peak Influence 435 | . 277 435 168 158 181 Initial 91 | . . 70 91 65 66 Average 161 | . 133 258 137 120 115 Maximum Alert Level 2 | . 1 2 . . . Low Security (%) 73 | 100 75 37 100 100 100 Level 1 19 | . 24 39 . . . Level 2 6 | . . 23 . . . Level 3 . | . . . . . . Level 4 . | . . . . . . Level 5 . | . . . . . . High Security . | . . . . . . Max Security . | . . . . . . Squads Dispatched 8 | . 3 2 . 1 2 Investigation 4 | . 2 2 . . . Extermination . | . . . . . . Reinforcement 4 | . 1 . . 1 2 Assault . | . . . . . . Garrison . | . . . . . . Intercept . | . . . . . . Searches Triggered . | . . . . . . Construction Impeded . | . . . . . . Haulers Reinforced . | . . . . . . Active Scanning Responses . | . . . . . . Cargo Convoy Interrupts . | . . . . . . Stealth | -11 -10 -9 -9 -8 -8 --------- Run | Yrd Mat Mat Min Mat Sto Distress Signals 2 | . . 1 . . 1 Communications Jammed . | . . . . . . Distress Signals . | . . . . . . Times Spotted 55 | . 21 16 5 3 10 Peak Tracking Total 5 | . 5 4 3 2 5 Tactical Retreats 5 | . 3 1 . . 1 Traps | -11 -10 -9 -9 -8 -8 ------- Run | Yrd Mat Mat Min Mat Sto Traps Triggered . | . . . . . . Indirectly . | . . . . . . Trap Hack Attempts . | . . . . . . Triggered . | . . . . . . Disarmed . | . . . . . . Reprogrammed . | . . . . . . Reused . | . . . . . . Traps Extracted . | . . . . . . Installed . | . . . . . . Triggered . | . . . . . . Machines | -11 -10 -9 -9 -8 -8 ---------- Run | Yrd Mat Mat Min Mat Sto Machines Disabled 4 | . 2 . . 2 . Max in Single Turn 2 | . 1 . . 2 . Machines Repaired . | . . . . . . Machines Dismantled . | . . . . . . Machines Sabotaged . | . . . . . . Overloaded Fab Kills . | . . . . . . Hacking | -11 -10 -9 -9 -8 -8 --------- Run | Yrd Mat Mat Min Mat Sto Machines Accessed 8 | . 3 4 . 1 . Terminals 4 | . . 3 . 1 . Fabricators . | . . . . . . Repair Stations 1 | . 1 . . . . Recycling Units 3 | . 2 1 . . . Scanalyzers . | . . . . . . Garrison Access . | . . . . . . Total Hacks 29 | . 10 16 . 3 . Successful 17 | . 5 9 . 3 . Failed 12 | . 5 7 . . . Catastrophic 2 | . 1 1 . . . Database Lockouts . | . . . . . . Manual . | . . . . . . Terminals 17 | . . 14 . 3 . Fabricators . | . . . . . . Repair Stations 2 | . 2 . . . . Recycling Units 10 | . 8 2 . . . Scanalyzers . | . . . . . . Garrison Access . | . . . . . . Terminal Hacks 12 | . . 9 . 3 . Record 6 | . . 3 . 3 . Robot Analysis 1 | . . 1 . . . Branch Access Points 1 | . . 1 . . . Alert Level 2 | . . 2 . . . Locate Traps 2 | . . 2 . . . Fabricator Hacks . | . . . . . . Repair Station Hacks . | . . . . . . Recycling Unit Hacks 5 | . 5 . . . . Process 3 | . 3 . . . . Report Inventory 1 | . 1 . . . . Retrieve Matter 1 | . 1 . . . . Scanalyzer . | . . . . . . Garrison Access Hacks . | . . . . . . Unauthorized Hacks . | . . . . . . Terminals . | . . . . . . Fabricators . | . . . . . . Repair Stations . | . . . . . . Recycling Units . | . . . . . . Scanalyzers . | . . . . . . Garrison Access . | . . . . . . Data Cores Recovered 1 | . 1 . . . . Used . | . . . . . . Hacking Detections 8 | . 3 4 . 1 . Full Trace Events 7 | . 3 3 . 1 . Feedback Events . | . . . . . . Feedback Blocked . | . . . . . . Robot Schematics Acquired . | . . . . . . Robots Built . | . . . . . . Authchips . | . . . . . . Time . | . . . . . . Total Robot Build Rating . | . . . . . . Part Schematics Acquired . | . . . . . . Parts Built . | . . . . . . Authchips . | . . . . . . Time . | . . . . . . Total Part Build Rating . | . . . . . . Parts Repaired . | . . . . . . Time . | . . . . . . Parts Recycled . | . . . . . . Recycled Matter 38 | . 38 . . . . Retrieved Matter 33 | . 33 . . . . Retrieved Components . | . . . . . . Parts Scanalyzed . | . . . . . . Part Schematics Acquired . | . . . . . . Parts Damaged . | . . . . . . Bothacking | -11 -10 -9 -9 -8 -8 ------------ Run | Yrd Mat Mat Min Mat Sto Used RIF Installer . | . . . . . . Robots Hacked . | . . . . . . Non-combat . | . . . . . . Combat . | . . . . . . Robot Hacks Applied . | . . . . . . Relay Couplers Released . | . . . . . . Fabnet Peak Effective % . | . . . . . . Robots Rewired . | . . . . . . Allies Hacked . | . . . . . . Hacks Repelled . | . . . . . . Allies | -11 -10 -9 -9 -8 -8 -------- Run | Yrd Mat Mat Min Mat Sto Total Allies 1 | . . . 1 . . Largest Group 1 | . . . 1 1 . Highest-Rated Group 31 | . . . 31 31 . Highest-Rated Ally 31 | . . . 31 31 . Total Orders . | . . . . . . Ally Attacks 7 | . . . 3 4 . Total Damage 61 | . . . 61 . . Kills . | . . . . . . Allies Corrupted . | . . . . . . Allies Melted . | . . . . . . Intel | -11 -10 -9 -9 -8 -8 ------- Run | Yrd Mat Mat Min Mat Sto Robot Analysis Total 1 | . . 1 . . . Derelict Logs Recovered 1 | . . . 1 . . Drone Launches . | . . . . . . Drone Recoveries . | . . . . . . Exploration | -11 -10 -9 -9 -8 -8 ------------- Run | Yrd Mat Mat Min Mat Sto Turns Passed 1441 | 63 499 423 160 53 243 Spaces Moved 643 | 41 235 193 95 20 59 Core 18 | 17 . . . . 1 Treads 205 | 24 180 . 1 . . Legs 420 | . 55 193 94 20 58 Wheels . | . . . . . . Hover . | . . . . . . Flight . | . . . . . . Fastest Speed 50 | 50 120 120 120 190 190 Average Speed 145 | 114 150 135 131 190 190 Slowest Speed 240 | 160 160 190 240 190 200 Overloaded Moves . | . . . . . . Propulsion Burnouts . | . . . . . . Robots Hopped . | . . . . . . Cave-ins Triggered . | . . . . . . Exploration Rate (%) 16 | 5 38 17 21 6 10 Regions Visited 5 Branch Regions 2 Pre-discovered Areas 1 | . . . 1 . . Known Exits Taken 2 | . . 1 . 1 . Unknown Exits Taken 3 | 1 1 . 1 . . Scrap Searched 1 | . . . 1 . . Spaces Dug . | . . . . . . Terrain Destroyed 18 | . 4 . . 14 . Melee . | . . . . . . Projectile . | . . . . . . AOE 18 | . 4 . . 14 . Terrain Rammed . | . . . . . . Walls Destroyed . | . . . . . . Machines Disabled . | . . . . . . Actions | -11 -10 -9 -9 -8 -8 --------- Run | Yrd Mat Mat Min Mat Sto Total 901 | 57 305 264 114 27 134 Wait 52 | . 10 1 . . 41 Move 638 | 40 234 192 94 19 59 Hop . | . . . . . . Pick Up 39 | 11 10 9 7 2 . Fast Attach 2 | 1 . . 1 . . Attach 24 | 5 6 6 2 2 3 Detach . | . . . . . . Swap 4 | . 1 2 . . 1 Drop 4 | . 3 1 . . . Fire 134 | . 39 53 8 4 30 Melee . | . . . . . . Ram . | . . . . . . Kick 2 | . . . 2 . . Crush 2 | . 2 . . . . Escape Stasis . | . . . . . . Rewire . | . . . . . . Trap . | . . . . . . Miscellaneous . | . . . . . . Route ------- -11/Scrapyard -10/Materials -9/Materials (discovered 2 exits: *Min x2) -9/Mines (discovered 2 exits: *Mat x2) -8/Materials (discovered 4 exits: Fac x2 / *Sto x2) -8/Storage History --------- Turn | Location | Event 3 | -11/Scrapyard | Discovered new exit (range 16) 64 | -11/Scrapyard | Entered Materials 302 | -10/Materials | Build established: Mutant 412 | -10/Materials | Discovered new exit (range 7) 516 | -10/Materials | Lost 4 parts (1p1n2w) 563 | -10/Materials | Entered another Materials area 563 | -9/Materials | Evolved 2 slots: Propulsion x2 774 | -9/Materials | Identified exit to Mines 903 | -9/Materials | Destroyed 8 combat bots 912 | -9/Materials | Lost 5 parts (1p2n2w) 986 | -9/Materials | Entered Mines 993 | -9/Mines | Escorted by a lone wolf Derelict 1013 | -9/Mines | Learned location of Storage (-8) 1027 | -9/Mines | Discovered new exit (range 9) 1077 | -9/Mines | Learned 4 Materials zone layouts 1093 | -9/Mines | Discovered new exit (range 9) 1146 | -9/Mines | Entered Materials 1146 | -8/Materials | Accompanied by 1 ally 1146 | -8/Materials | Evolved 2 slots: Power x1, Utility x1 1147 | -8/Materials | Identified exit to Factory 1147 | -8/Materials | Identified exit to Storage 1176 | -8/Materials | Build established: Scavenger-Mutant 1181 | -8/Materials | Discovered exit to Storage (range 5) 1199 | -8/Materials | Entered Storage 1414 | -8/Storage | Core integrity fell below 50% 1436 | -8/Storage | Core integrity fell below 20% 1440 | -8/Storage | Lost 9 parts (2p4n3w) 1442 | -8/Storage | Self-destructed Last Messages --------------- Aluminum Leg destroyed. Power failure averted by Cryofiber Web. K-01 Serf collects debris. Power failure averted by Cryofiber Web. Sml. Laser destroyed. Overheating: Matter decay (-31). Ion Engine destroyed. Overheating: Core damaged (-71). ALERT: Hostiles spotted, dispatching reinforcements to Terminal S013. Aluminum Leg melted. G-47 Trooper destroyed. Internal heat damage averted by Cryofiber Web. Overheating: Beam Rifle damaged (-7). Overheating: Energy bleed (-1). Lgt. Treads destroyed. R-06 Scavenger collects Aluminum Leg. Beam Rifle destroyed. EM Shotgun destroyed. R-06 Scavenger collects Lgt. Nuclear Core. Map ----- +----------------------------------------------------+ | ???# #??????????????????????????????? | | ???# #??????????????????????????????? | | ???# #??????????????????????????????? | | ???# +??????????????????????????????? | | ???# #??????????????????????????????? | | ???# #??????????????????????????????? | | ???# #??????????????????????????????? | | ???# #??????????????????????????????? | | ???# #??????????????????????????????? | | ???# #??????????????????????????????? | | ???# ############???????????????????? | | ???# ## #???????????????????? | | ??## ## """ #???????????????????? | | ??# # """"?" #???????????????????? | | ??# # "????" #???????????????????? | | ??# + "????" #???????????????????? | | ??# # "?"""" #???????????????????? | | ??# # """ #???????????????????? | | ??####### #???????????????????? | | ????????###+#######???????????????????? | | ??????????# #?????????????????????????? | | ??????????# #?????????????????????????? | | ??????????# #?????????????????????????? | | ?????????## ##????????????????????????? | | ?????##### ##########???????????????? | | ??# % g@%rg % ????????? | | ??# ## % ######### ????????? | | ??# ??##+##????????????????????????? | | ??## ???# ??????????????????????????? | | ???# ????# ???????????????????????????? | | ???#?????#????????????????????????????? | | ??????????????????????????????????????? | | ??????????????????????????????????????? | | ??????????????????????????????????????? | | ??????????????????????????????????????? | | ??????????????????????????????????????? | | ??????????????????????????????????????? | | ??????????????????????????????????????? | | ??????????????????????????????????????? | | ??????????????????????????????????????? | | ??????????????????????????????????????? | | ??????????????????????????????????????? | | ??????????????????????????????????????? | | ??????????????????????????????????????? | | ??????????????????????????????????????? | | ??????????????????????????????????????? | | ??????????????????????????????????????? | | ??????????????????????????????????????? | | ??????????????????????????????????????? | | ??????????????????????????????????????? | +----------------------------------------------------+ Best States ------------- Heat Dissipation 31 Energy Generation 15 Energy Capacity 400 Matter Stores 450 Matter Capacity 450 Sight Range 16 Terrain Scan Density 10 Additional Mass Support 6 Base Temperature (-) 100 Evasion (%) 55 Recoil Reduction 2 Item Schematics ----------------- None Robot Schematics ------------------ None Fabricated ------------ Nothing Alien Tech Used ----------------- None Achievements -------------- None Challenges ------------ None Game ------ Seed RemoteControlCyclogen Manual? 0 Play Time 00:24:22 Cumulative 2.3 hours Start 2024.10.07 @ 20:22:46 End 2024.10.07 @ 20:44:48 Sessions 1 Manual Loads 0 Difficulty Rogue Special Mode None Game No. 4 Rogue 1 Adventurer 3 Explorer 0 Win Type - Total 0 Types 0/0/0/0/0/0/0/0/0 Lore% 2 Gallery% 9 Achievement% 9 Wizard Run 0 Options --------- Layout 1 ASCII 0 Keyboard 0 Movement Mouse Keybinds 0 Fullscreen 1 Font 24/Smallcaps Map View 50x35 Zoom Use 0% Tactical HUD 0 Map Filters NONE Filters NONE Steam 1 RUN: c62fc980-7606-4d2d-ae32-8820c699dd1f